Map: Simulacrum LE

Players

frosty

  • Race: Terran Terran
  • League: Diamond
  • Spawn Location: 11:00

FLORENCIO - Winner!

  • Race: Protoss Protoss
  • League: Diamond
  • Spawn Location: 5:00

VOD

Have the link to the VOD?

Description

Time

  • Played on: Nov. 28, 2019, 10:54 p.m.
  • Length: 6:12
Show
View Real Time Build Order
Export as new Build Order

frosty Terran 

Build Orders: Reaper Expand 

Get SALT Encoding   

  12  0:00  SCV  
  13  0:12  SCV  
  14  0:17  Supply Depot  
  14  0:24  SCV  
  15  0:39  SCV  
  15  0:40  Barracks  
  16  0:44  Refinery  
  16  0:51  SCV  
  17  1:04  SCV  
  18  1:18  SCV  
  19  1:30  Orbital Command  
  19  1:31  Reaper  
  20  1:47  Command Center  
  20  2:15  SCV  
  21  2:17  Marine  
  22  2:24  Bunker  
  22  2:27  Refinery  
  22  2:28  Factory  
  22  2:34  Supply Depot  
  22  2:42  Marine  
  23  2:45  Barracks  
  23  2:56  SCV  
  24  3:00  Orbital Command  
  24  3:08  SCV, Marine  
  24  3:12  Factory Tech Lab  
  26  3:26  Marine  
  27  3:28  SCV x2  
  29  3:38  Cyclone  
  29  3:39  Mag-Field Accelerator  
  29  3:40  SCV  
  33  3:53  Marine x2  
  31  4:10  SCV x2, Siege Tank  
  36  4:19  Marine  
  34  4:37  Marine  
  34  4:38  Marine  
  31  4:59  SCV, Marine  
  26  5:00  Marine  
  26  5:03  Cyclone  
  31  5:15  SCV  
Show
View Real Time Build Order
Export as new Build Order

FLORENCIO Protoss - Winner!

Build Orders: Mass Adepts 

Get SALT Encoding   

  12  0:01  Probe (Chrono Boost)  
  13  0:12  Probe (Chrono Boost)  
  14  0:17  Pylon  
  14  0:21  Probe  
  16  0:35  Probe  
  16  0:47  Probe  
  16  0:49  Gateway  
  17  0:53  Assimilator  
  17  0:59  Probe  
  18  1:12  Probe  
  19  1:26  Pylon  
  19  1:41  Cybernetics Core  
  19  1:48  Gateway  
  19  1:54  Nexus  
  19  2:03  Probe (Chrono Boost)  
  20  2:14  Probe (Chrono Boost)  
  20  2:15  Warp Gate (Chrono Boost)  
  21  2:19  Adept  
  22  2:25  Pylon  
  22  2:35  Adept  
  24  2:39  Gateway  
  24  2:47  Shield Battery  
  24  2:52  Adept  
  26  3:03  Gateway  
  26  3:09  Adept  
  28  3:15  Probe  
  28  3:19  Shield Battery  
  29  3:28  Pylon  
  29  3:32  Pylon  
  28  3:41  Probe  
  29  3:59  Adept x3  
  35  4:12  Adept  
  35  4:13  Pylon  
  37  4:22  Adept  
  37  4:23  Adept  
  41  4:32  Adept  
  43  4:40  Adept  
  43  5:02  Stalker x3  
  47  5:09  Shield Battery  
Tags
 
Add a new tag
Caveats
  • Supply blocks, unpowered buildings, or Contaminate may cause inaccurate times.
  • Supply counts are checked every 10 seconds.